 Dungeon Crawl Stone Soup version 0.30-a0-1094-g860fb061e7 (webtiles) character file.

Game seed: 9289537484420423618

58 cheesebisquit the Ruffian (level 3, 0/36 HPs)
             Began as a Troll Fighter on Apr 17, 2023.
             Killed by divine providence
             ... invoked by an orc priest
              (11 damage)
             ... on level 3 of the Dungeon.
             The game lasted 00:08:27 (2279 turns).

cheesebisquit the Ruffian (Troll Fighter)           Turns: 2279, Time: 00:08:27

Health: 0/36       AC:  5    Str: 24    XL:     3   Next: 76%
Magic:  2/2        EV:  8    Int:  6    God:
Gold:   11         SH:  0    Dex:  9    Spells: 2/2 levels left

rFire   . . .      SeeInvis .      - Unarmed
rCold   . . .      Faith    .    b - +0 kite shield
rNeg    . . .      Spirit   .    a - +0 robe
rPois   .          Reflect  .    (helmet restricted)
rElec   .          Rampage  .    j - +0 cloak
rCorr   .                        (gloves unavailable)
Will    .....                    (boots unavailable)
Stlth   +                        (no amulet)
HPRegen 1.06/turn                (no ring)
MPRegen 0.08/turn                (no ring)

@: confused
A: large, unfitting armour, claws 3, regeneration 1, shaggy fur 1, tough skin 1
a: no special abilities


You were on level 3 of the Dungeon.
You visited 1 branch of the dungeon, and saw 3 of its levels.

You collected 128 gold pieces.
You spent 117 gold pieces at shops.

Inventory:

Missiles
 k - 2 poisoned darts (quivered)
 q - 3 silver javelins
Armour
 a - a +0 robe (worn)
 b - a +0 kite shield (worn)
 j - a +0 cloak (worn)
Scrolls
 d - a scroll of acquirement {unknown}
 f - 3 scrolls of teleportation
 g - a scroll of vulnerability {unknown}
 h - 3 scrolls of enchant armour {unknown}
 n - a scroll of magic mapping {unknown}
Potions
 c - a potion of might
 e - 3 potions of curing
 i - a potion of degeneration {unknown}
 l - 2 potions of resistance
 m - 2 potions of haste
 o - a potion of brilliance {unknown}
 p - a potion of lignification {unknown}


   Skills:
 + Level 2.8 Fighting
 - Level 2.4 Dodging
 + Level 3.2 Shields
 * Level 3.2 Unarmed Combat


You had 2 spell levels left.
You didn't know any spells.
Your spell library was empty.

Dungeon Overview and Level Annotations

Branches:
Dungeon (3/15)

Altars:

Shops:
D:2 *?=:


Innate Abilities, Weirdness & Mutations

You are too large for most types of armour.
You have claws for hands.
Your natural rate of healing is unusually fast.
You are covered in fur. (AC +1)
You have tough skin. (AC +1)


Message History

The bat barely misses you. The giant cockroach barely misses you.
You scratch the giant cockroach.
The giant cockroach is severely wounded.
You block the bat's attack. The giant cockroach closely misses you.
Something hits you. The giant cockroach closely misses you.
You claw the giant cockroach!
You kill the giant cockroach!
The bat hits you but does no damage. Something hits you.
You scratch the orc priest.
The orc priest is heavily wounded.
The bat hits you but does no damage. Something hits you but does no damage.
The orc priest barely misses you. The orc hits you but does no damage.
The bat hits you but does no damage.
You scratch the orc priest but do no damage.
The orc priest is heavily wounded.
You block the bat's attack. Something hits you. You block the orc's attack.
The bat hits you but does no damage.
You scratch the orc priest.
The orc priest is heavily wounded.
The bat hits you but does no damage.
You hear some strange, mumbled words.
You are confused.
The orc wizard points at you and mumbles some strange words.
The magic dart hits you.
The orc priest miscasts a cantrip.
The orc hits you but does no damage.
You are too confused!
You are too confused!
You are too confused!
You are too confused!
You are too confused!
You miss the orc priest.
The orc priest is heavily wounded.
Something hits you.
The orc wizard hits you with a +0 dagger.
The orc priest hits you with a +0 mace! The orc hits you with a +0 whip.
The orc wizard hits you with a +0 dagger.
The orc priest calls down the wrath of Beogh upon you.
Beogh smites you!
You die...

#.## #.......#..##
#..# ##.......#..#
##.###...######..#
#.....### #...#
#.##### #.....
#.#.. +..... #.#.#
#..... ##.#.######
#..... #..@o.$....
#.##.. #..oo......
#..b.......
#..........
#..........
#..........
#..........
#..........


You could see an orc priest, an orc wizard, an orc and a bat.

Vanquished Creatures
  A gnoll (D:1)
  3 dart slugs
  An orc (D:3)
  6 bats (D:1)
  4 endoplasms
  3 giant cockroaches
  6 goblins
  2 hobgoblins
  A jackal (D:1)
  3 kobolds (D:1)
  A quokka (D:1)
  2 ball pythons
  2 frilled lizards (D:1)
  3 rats (D:1)
38 creatures vanquished.

Notes
Turn   | Place    | Note
-------+----------+-------------------------------------------
     0 | D:1      | cheesebisquit the Troll Fighter began the quest for the
                  | Orb.
     0 | D:1      | Reached XP level 1. HP: 22/22 MP: 0/0
    88 | D:1      | Reached XP level 2. HP: 29/29 MP: 1/1
   614 | D:1      | Reached XP level 3. HP: 14/36 MP: 2/2
  1389 | D:2      | Found Xeron's Jewellery Shoppe.
  1442 | D:2      | Found Buocoar's Book Shoppe.
  1636 | D:2      | Found Weruade's General Store.
  1643 | D:2      | Bought a scroll of identify for 26 gold pieces
  2059 | D:2      | Found Xuezi's Magic Scroll Shoppe.
  2067 | D:2      | Bought a scroll of identify for 26 gold pieces
  2067 | D:2      | Bought a scroll of teleportation for 39 gold pieces
  2067 | D:2      | Bought a scroll of identify for 26 gold pieces
  2279 | D:3      | Killed from afar by an orc priest

Illustrated notes

Levels and vault maps discovered:
D:1:      erik_arrival_cave_to_civilisation [erik_arrival_cave_to_hall],
          layout_basic
D:2:      layout_basic, serial_shops, nicolae_shop_peninsula, shop, shop, shop,
          dreamdust_princess_corridor, roderic_nine_men_s_morris, minivault_27
D:3:      layout_basic, gammafunk_temple_overflow_claw, grunt_ministairs_5,
          amcnicky_mini_corridor_feature, minmay_circle_x

Skill      XL: |  1  2  3 |
---------------+----------+-----
Shields        | 3 |  3.2
Unarmed Combat | 3 |  3.2
Fighting       | |  2.8
Dodging        | |  2.4

Action                     || total
---------------------------++-------
  Melee: Unarmed           ||   114
    Use: Scroll            ||     3
   Stab: Sleeping          ||     1
 Armour: Robe              ||    52
  Dodge: Dodged            ||    41
  Block: Kite shield       ||    40

Table legend: (Time is in decaauts)
 A = Elapsed time spent in this place.
 B = Non-inter-level travel time spent in this place.
 C = Inter-level travel time spent in this place.
 D = Time resting spent in this place.
 E = Time spent auto-exploring this place.
 F = Levels seen in this place.
 G = Mean time per level.
                   A        B        C        D        E       F      G
               +--------+--------+--------+--------+--------+-----+--------+
         Total |   2289 |   2176 |    113 |      0 |   1838 |   3 |  763.0 |
       Dungeon |   2289 |   2176 |    113 |      0 |   1838 |   3 |  763.0 |
               +--------+--------+--------+--------+--------+-----+--------+

Top non-repeatable levels by time:
     D:1: 1271 daAuts
     D:2: 929 daAuts
     D:3: 88 daAuts
